 Dungeon Crawl Stone Soup version 0.19-a0-682-g708bd0e (webtiles) character file.

10516 AlphabetPasta the Nimble (level 11, 0/69 HPs)
             Began as a Deep Elf Berserker on June 18, 2016.
             Was a High Priest of Trog.
             Slain by an unseen horror (9 damage)
             ... on level 10 of the Dungeon.
             The game lasted 01:05:06 (13988 turns).

AlphabetPasta the Nimble (Deep Elf Berserker)      Turns: 13988, Time: 01:05:06

Health: 0/69       AC: 14    Str: 12    XL:     11   Next: 37%
Magic:  16/16      EV: 14    Int: 20    God:    Trog [*****.]
Gold:   526        SH:  0    Dex: 17    Spells: 0 memorised, 10 levels left

rFire  . . .     SeeInvis .     a - +0 quarterstaff
rCold  . . .     Gourm    .     n - +0 scale mail
rNeg   . . .     Faith    .     (shield currently unavailable)
rPois  +         Spirit   .     D - +2 helmet
rElec  .         Dismiss  .     (no cloak)
rCorr  .         Reflect  .     w - +2 pair of gloves
SustAt .         Harm     .     (no boots)
MR     +....                    (no amulet)
Stlth  ..........               A - ring of Fixation {Str-4 Int+7 Dex+2 Slay+5}
                                l - ring of poison resistance

@: very slightly contaminated, hasted, very quick, somewhat resistant to hostile
enchantments, extremely unstealthy
A: no striking features
a: Berserk, Trog's Hand, Brothers in Arms, Burn Spellbooks, Renounce Religion


You were on level 10 of the Dungeon.
You worshipped Trog.
Trog was extremely pleased with you.
You were not hungry.

You visited 2 branches of the dungeon, and saw 11 of its levels.
You also visited: Ossuary.

You collected 526 gold pieces.

Inventory:

Hand Weapons
 a - a +0 quarterstaff (weapon)
 b - a +2 falchion of holy wrath
 f - the +5 dagger "Nisi Ajoma" {pierce, Int+2}
   (You found it on level 7 of the Dungeon)

   It inflicts extra damage upon your enemies.
   It affects your intelligence (+2).
 m - a +0 short sword
 r - a +0 falchion
 z - a +3 short sword of venom
Missiles
 M - 3 tomahawks (quivered)
Armour
 e - a +0 plate armour
 n - a +0 scale mail (worn)
 w - a +2 pair of gloves (worn)
 D - a +2 helmet (worn)
Jewellery
 l - a ring of poison resistance (left hand)
 A - the ring of Fixation (right hand) {Str-4 Int+7 Dex+2 Slay+5}
   (You found it on level 7 of the Dungeon)

   [ring of slaying]

   It affects your strength (-4).
   It affects your intelligence (+7).
   It affects your dexterity (+2).
   It affects your accuracy and damage with ranged weapons and melee attacks
   (+5).
Wands
 x - a wand of slowing (23/48)
 y - a wand of disintegration (2/24)
 L - a wand of polymorph (1/24)
Scrolls
 g - 6 scrolls of remove curse
 i - 2 scrolls of teleportation
 k - 3 scrolls of recharging
 H - a scroll of blinking
 K - a scroll of enchant armour
Potions
 j - a potion of curing
 p - 2 potions of agility
 v - 2 potions of brilliance
Comestibles
 q - 11 slices of pizza
 s - 4 beef jerkies
 u - 2 meat rations
 C - a bread ration


   Skills:
 + Level 8.4 Fighting
 - Level 3.1 Short Blades
 * Level 6.3 Staves
 + Level 7.6 Throwing
 + Level 6.3 Armour
 + Level 9.6 Dodging
 + Level 4.9 Evocations


You had 10 spell levels left.
You didn't know any spells.

Dungeon Overview and Level Annotations

Branches:
Dungeon (10/15)            Temple (1/1) D:4            Lair (0/6) D:9
    Orc: D:9-12

Altars:
Ashenzari
Cheibriados
Dithmenos
Elyvilon
Fedhas
Gozag
Hepliaklqana
Kikubaaqudgha
Makhleb
Nemelex Xobeh
Okawaru
Pakellas
Qazlal
Ru
Sif Muna
Trog
Uskayaw
Vehumet
Xom
Yredelemnul
Zin

Shops:
D:4 %


Message History

Press: ? - help, Shift-Dir - straight line, f - you You throw a tomahawk.
Something hits you!
* * * LOW HITPOINT WARNING * * *
You barely miss something. Something hits you but does no damage.
Something hits you but does no damage.
You hit something but do no damage. Something hits you!
* * * LOW HITPOINT WARNING * * *
You feel as though your hastened speed will last longer.
Something barely misses you.
Evoke which item? (* to show all) (? for menu, Esc to quit)
Zapping:
L - a wand of polymorph (will waste charges)
Press: ? - help, Shift-Dir - straight line, f - you Nothing appears to happen.
Evoking this partially-identified wand wasted a few charges.
Your skill with magical items lets you calculate the power of this device...
This wand has 1 charge left.
Something hits you but does no damage. Something hits you.
* * * LOW HITPOINT WARNING * * *
You hit something. Something completely misses you. Something hits you!
You die...

......##...###...###...'......#
......##...###...###.).##.....#
...........##...........#.<.#.#
...........##...........#...#.#
.........[.##...........'...#.#
...........##...........#...#.#
....)......##...........#...#.#
##########'#######'######.....#
.........(.....(@...#...#.....#
.####........######.#...#.....#
.# #........######.#...#..#..#
.####...###.........#...#..#..#
....................##'##.....#
###'#################......)..#
#..... #......)..# #.......
#.........# #.........
#.........#


There were no monsters in sight!

Vanquished Creatures
  Maud (D:10)
  An unseen horror (D:10)
  A hill giant (D:10)
  Joseph (D:7)
  A troll (D:9)
  Grinder (D:6)
  Sigmund (D:6)
  Eustachio (D:6)
  10 yaks
  A hog (D:7)
  A human (D:7)
  A hippogriff (D:7)
  Menkaure (D:6)
  3 hungry ghosts
  Edmund (D:6)
  Duvessa (D:5)
  2 orc warriors
  2 sky beasts
  3 phantoms
  5 ogres
  A wasp (D:9)
  3 ice beasts
  3 centaurs
  5 giant frogs
  2 elf zombies (Ossuary)
  Dowan (D:5)
  A wyvern skeleton (D:6)
  A scorpion (D:9)
  A water moccasin skeleton (D:8)
  5 killer bees
  8 wights
  3 jellies
  4 crimson imps
  4 howler monkeys
  6 hounds
  A human zombie (Ossuary)
  10 orc priests
  4 giant frog skeletons
  An iguana (D:7)
  10 orc wizards
  7 worker ants
  3 sheep (D:7)
  A killer bee zombie (D:9)
  A big kobold zombie (Ossuary)
  3 mummies
  4 gnolls
  7 adders
  2 shadow imps (D:9)
  An ooze (D:2)
  An adder skeleton (D:4)
  2 adder zombies
  A worm (D:2)
  9 giant geckos
  31 orcs
  A ball python (D:1)
  6 giant cockroaches
  9 hobgoblins
  13 jackals
  5 quokkas
  8 bats
  8 giant newts
  7 goblins
  2 goblin zombies (Ossuary)
  7 hobgoblin zombies (Ossuary)
  A jackal skeleton (D:5)
  2 jackal zombies (Ossuary)
  6 kobolds
  8 kobold zombies (Ossuary)
  9 orc zombies (Ossuary)
  A quokka skeleton (D:6)
  A quokka zombie (D:5)
  5 rats
  3 rat zombies (Ossuary)
288 creatures vanquished.

Vanquished Creatures (collateral kills)
  A hill giant (D:10)
  An ice beast (D:10)
  An orc priest (D:10)
  An orc (D:10)
4 creatures vanquished.

Grand Total: 292 creatures vanquished

Notes
Turn   | Place    | Note
--------------------------------------------------------------
     0 | D:1      | AlphabetPasta the Deep Elf Berserker began the quest for the Orb.
     0 | D:1      | Reached XP level 1. HP: 13/13 MP: 3/3
   574 | D:1      | Reached XP level 2. HP: 16/18 MP: 4/4
  1127 | D:2      | Reached skill level 1 in Throwing
  1187 | D:2      | Reached XP level 3. HP: 9/22 MP: 5/5
  1567 | D:2      | Noticed a dagger
  1567 | D:2      | Noticed a dagger
  1572 | D:2      | Found a hide-covered altar of Uskayaw.
  1581 | D:2      | Reached ** piety under Trog
  1967 | D:2      | Reached skill level 3 in Dodging
  2080 | D:2      | Found a basalt altar of Yredelemnul.
  2214 | D:2      | Reached XP level 4. HP: 28/28 MP: 6/6
  2926 | D:3      | Found a stormy altar of Qazlal.
  2937 | D:3      | Found a sacrificial altar of Ru.
  3266 | D:3      | Reached XP level 5. HP: 32/32 MP: 7/7
  3650 | D:4      | Reached skill level 4 in Dodging
  3663 | D:4      | Reached *** piety under Trog
  3663 | D:4      | Reached XP level 6. HP: 35/38 MP: 8/8
  3796 | D:4      | Noticed an ice beast
  3803 | D:4      | HP: 2/57 [ice beast (5)]
  3804 | D:4      | Killed an ice beast
  4203 | D:4      | Found Cuskek's Food Shoppe.
  4301 | D:4      | Found a blossoming altar of Fedhas.
  4331 | D:4      | You fall through a shaft!
  4331 | D:5      | Entered Level 5 of the Dungeon
  4812 | D:4      | Reached skill level 5 in Dodging
  4812 | D:4      | Reached XP level 7. HP: 35/44 MP: 9/9
  4841 | D:4      | Found a staircase to the Ecumenical Temple.
  4850 | Temple   | Entered the Ecumenical Temple
  5373 | D:5      | Found a snail-covered altar of Cheibriados.
  5632 | D:5      | Found a white marble altar of Elyvilon.
  5817 | D:5      | Found a sparkling altar of Nemelex Xobeh.
  6027 | D:5      | Noticed Duvessa
  6027 | D:5      | Noticed Dowan
  6046 | D:5      | Killed Duvessa
  6046 | D:5      | Reached skill level 5 in Fighting
  6051 | D:5      | Killed Dowan
  6473 | D:5      | Reached XP level 8. HP: 49/49 MP: 10/10
  6541 | D:6      | Found a deep blue altar of Sif Muna.
  6713 | D:6      | Found a bloodstained altar of Trog.
  6719 | D:6      | Noticed Menkaure
  6771 | D:6      | Reached skill level 6 in Dodging
  6783 | D:6      | Killed Menkaure
  7103 | D:6      | Noticed Edmund
  7111 | D:6      | Killed Edmund
  7147 | D:6      | Noticed Eustachio
  7292 | D:6      | Killed Eustachio
  7292 | D:6      | Reached **** piety under Trog
  7292 | D:6      | Reached skill level 7 in Dodging
  7313 | D:6      | Noticed Grinder
  7323 | D:6      | Killed Grinder
  7323 | D:6      | Reached XP level 9. HP: 19/56 MP: 11/11
  7459 | D:6      | Noticed Sigmund
  7538 | D:6      | Killed Sigmund
  7538 | D:6      | Reached skill level 5 in Throwing
  7813 | D:6      | Found a glowing silver altar of Zin.
  8155 | D:6      | Found a stormy altar of Qazlal.
  8364 | D:7      | Got a bloodstained dagger
  8365 | D:7      | Identified the +5 dagger "Nisi Ajoma" {pierce, Int+2} (You found it on level 7 of the Dungeon)
  8391 | D:7      | Noticed Joseph
  8410 | D:7      | Killed Joseph
  8410 | D:7      | Reached skill level 5 in Armour
  8453 | D:7      | Got a glittering ivory ring
  8454 | D:7      | Identified the ring of Fixation {Str-4 Int+7 Dex+2 Slay+5} (You found it on level 7 of the Dungeon)
  8515 | D:7      | Reached skill level 1 in Staves
  8521 | D:7      | Reached skill level 1 in Evocations
  8772 | D:7      | Found an opulent altar of Gozag.
  8867 | D:7      | Reached skill level 8 in Dodging
  9500 | D:7      | Reached XP level 10. HP: 53/64 MP: 13/13
  9617 | D:8      | Reached ***** piety under Trog
  9659 | D:8      | HP: 3/96 [orc wizard/puff of flame (9)]
 10083 | D:8      | Found a sand-covered staircase.
 10089 | Ossuary  | Entered an ossuary
 10929 | D:9      | Found a staircase to the Lair.
 10991 | D:9      | Received a gift from Trog
 11251 | D:9      | Reached skill level 9 in Dodging
 11550 | D:9      | Reached skill level 5 in Staves
 11786 | D:9      | Found a burning altar of Makhleb.
 11932 | D:9      | Found a shadowy altar of Dithmenos.
 12454 | D:9      | Found a radiant altar of Vehumet.
 12508 | D:9      | Found a hazy altar of Hepliaklqana.
 12514 | D:9      | Reached XP level 11. HP: 63/68 MP: 16/16
 12572 | D:10     | Entered Level 10 of the Dungeon
 12712 | D:10     | Noticed Maud
 12724 | D:10     | Killed Maud
 12846 | D:10     | Noticed a hill giant
 12852 | D:10     | Killed a hill giant
 13259 | D:10     | HP: 2/69 [something (8)]
 13261 | D:10     | Killed an unseen horror
 13749 | D:10     | Noticed a hill giant
 13758 | D:10     | Killed a hill giant
 13988 | D:10     | Slain by an unseen horror

Vault maps used:
D:1:      dpeg_arrival_another_circle, minmay_misc_feat_doors
D:2:      yredelemnul_altar_generic, dancing_weapons_uskayaw,
          kennysheep_generic_room_7
D:3:      overflow_temple_1_default, st_stairs_13,
          nicolae_qazlal_general_emergency
D:4:      minmay_temple_entry_poolview, serial_shops, shop, grunt_ministairs_4,
          fedhas_bush_and_centaur_altar
D:5:      lemuel_doored_altar, overflow_temple_1_default, first_bread,
          basic_altar, uniq_duvessa
D:6:      kennysheep_little_box, bloody_trog, nicolae_overflow_hidden_temple,
          minmay_misc_feat_enclosed, uniq_eustachio, uniq_menkaure,
          uniq_sigmund, uniq_edmund, uniq_grinder
D:7:      grunt_gozag_statues, grunt_livestock, kennysheep_potato, uniq_joseph
D:8:      gup_ossuary_entry_pyramid
D:9:      marbit_many_paths, lemuel_round_altar, makhleb_grotto_becter,
          basic_altar
D:10:     uniq_maud
Temple:   minmay_temple_bridge_c_8
Ossuary:  ossuary_tomb_1

Skill      XL: |  1  2  3  4  5  6  7  8  9 10 11 |
---------------+----------------------------------+-----
Throwing       | 1 2 3 4 6 7 |  7.6
Fighting       | 3 4 5 6 7 8 |  8.4
Dodging        | 3 4 5 7 8 9 |  9.6
Armour         | 2 3 4 5 6 |  6.3
Staves         | 2 5 6 |  6.3
Evocations     | 2 4 |  4.9
Short Blades   | |  3.1

Action                   |  1- 3 |  4- 6 |  7- 9 | 10-12 || total
-------------------------+-------+-------+-------+-------++-------
Melee: Short sword       |   134 |   122 |   247 |       ||   503
       Quarterstaff      |       |       |    78 |   413 ||   491
       Falchion          |       |       |     3 |    19 ||    22
Throw: Javelin           |       |    29 |    27 |    33 ||    89
       Tomahawk          |       |       |       |    41 ||    41
Invok: Berserk           |     2 |     2 |    10 |     7 ||    21
       Burn Spellbooks   |       |     2 |       |       ||     2
       Brothers in Arms  |       |       |       |     2 ||     2
Evoke: Wand              |       |       |       |     8 ||     8
  Use: Scroll            |       |     8 |     2 |    12 ||    22
       Potion            |       |       |     3 |     8 ||    11
 Stab: Sleeping          |     3 |     1 |       |       ||     4
  Eat: Chunk             |     6 |     7 |    13 |     7 ||    33
       Meat ration       |       |     1 |     1 |     1 ||     3
       Bread ration      |       |       |     2 |     2 ||     4
       Royal jelly       |       |       |     1 |     1 ||     2
       Pizza             |       |       |       |     1 ||     1
       Beef jerky        |       |       |       |     1 ||     1
Armor: Animal skin       |    20 |     8 |       |       ||    28
       Ring mail         |       |     4 |    41 |       ||    45
       Scale mail        |       |       |    11 |   180 ||   191
Dodge: Dodged            |    67 |    48 |   200 |   300 ||   615
